 Dungeon Crawl Stone Soup version 0.31.0-12-g77e489cdc1 (webtiles) character file.

Game seed: 12460744685938503098

2179 Oriqin the Fighter (level 9, -9/96 HPs)
             Began as a Troll Gladiator on Feb 26, 2024.
             Mangled by a yak (15 damage)
             ... on level 6 of the Dungeon.
             The game lasted 00:06:48 (5219 turns).

Oriqin the Fighter (Troll Gladiator)                Turns: 5219, Time: 00:06:48

Health: -9/96      AC:  5    Str: 28    XL:     9   Next: 11%
Magic:  8/8        EV: 10    Int:  4    God:
Gold:   304        SH:  0    Dex: 11    Spells: 8/8 levels left

rFire   . .          .
                       - Unarmed
rCold   . . .        (no shield)
rNeg    . . .        a - +0 robe
rPois   .            b - +0 hat
rElec   .            q - +0 cloak
rCorr   .            (gloves unavailable)
SInv    .            (boots unavailable)
Will    .....        (no amulet)
Stlth   +            (no ring)
HPRegen 1.16/turn    (no ring)
MPRegen 0.11/turn

%: no passive effects
@: no status effects
A: large, unfitting armour, claws 3, regeneration 1, shaggy fur 1, tough skin 1
a: no special abilities


You were on level 6 of the Dungeon.
You visited 1 branch of the dungeon, and saw 6 of its levels.

You collected 418 gold pieces.
You spent 114 gold pieces at shops.


Innate Abilities, Weirdness & Mutations

You are too large for most types of armour.
You have claws for hands.
Your natural rate of healing is unusually fast.
You are covered in fur. (AC +1)
You have tough skin. (AC +1)


   Skills:
 + Level 8.2 Fighting
 - Level 5.0 Throwing
 - Level 2.4 Dodging
 - Level 6.0 Unarmed Combat


You had 8 spell levels left.
You didn't know any spells.
Your spell library contained the following spells:

 Spells                   Type           Power      Damage    Failure   Level
 Blink                    Tloc           0%         N/A       65%         2
 Call Imp                 Summ           0%         N/A       65%         2
 Lesser Beckoning         Tloc           0%         N/A       65%         2
 Momentum Strike          Conj/Tloc      0%         3d8       65%         2
 Sublimation of Blood     Necr           0%         N/A       65%         2
 Frozen Ramparts          Ice            0%         1d1       86%         3
 Leda's Liquefaction      Alch/Erth      0%         N/A       99%         4
 Petrify                  Alch/Erth      0%         N/A       99%         4
 Lee's Rapid Deconstruct  Erth           0%         3d4*      100%        5
 Metabolic Englaciation   Hex/Ice        0%         N/A       100%        5
 Bombard                  Conj/Erth      0%         9d1       100%        6
 Summon Hydra             Summ           0%         N/A       100%        7

Inventory:

Missiles
 c - 7 throwing nets (quivered) {=f}
 d - a large rock {=f}
Armour
 a - a +0 robe (worn)
 b - a +0 hat (worn)
 q - a +0 cloak (worn)
Scrolls
 e - 2 scrolls of amnesia
 g - 2 scrolls of enchant weapon {unknown}
 h - 2 scrolls of noise {unknown}
 i - 2 scrolls of fog
 k - a scroll of teleportation {unknown}
 n - a scroll of blinking
 o - a scroll of poison
 p - a scroll of fear {unknown}
Potions
 f - 4 potions of curing {@q1}
 j - a potion of heal wounds {@q2}
 m - 2 potions of berserk rage {!q}

Dungeon Overview and Level Annotations

Branches:
Dungeon (6/15)
 Temple: D:4-7

Altars:
Ashenzari
Gozag
Qazlal
Wu Jian
Xom

Shops:
D:3 (*

Annotations:
D:5 1 runed translucent door, Crazy Yiuf
D:6 Eustachio

#..........# #..........#
.# #..........# .#
...........###.#
...........#...#
...............#
.........§^^...# #§#
....####.§§§§.######§§☼§#
....# ###☼§§○☼.Y@☼§§§§☼§.
....# #..○§○○.###########
..### #..§....§.....
....# #.......######
....# #........... ....#
#........... #####
#............ #
######....... # ........


You could see a yak.


Message History

The yak is moderately wounded.
The yak gores you but does no damage.
Unknown command.
You claw the yak!
The yak is severely wounded.
The yak gores you.
* * * LOW HITPOINT WARNING * * *
Unknown command.
You claw the yak!
The yak is almost dead.
Unknown command.
You claw the yak!
You kill the yak!
Unknown command.
You closely miss the yak. The yak gores you!
* * * LOW HITPOINT WARNING * * *
Unknown command.
You scratch the yak.
The yak is lightly wounded.
The yak barely misses you.
Unknown command.
You barely miss the yak.
The yak is lightly wounded.
The yak gores you!
* * * LOW HITPOINT WARNING * * *
Unknown command.
You scratch the yak.
The yak is lightly wounded.
The yak gores you!
You die...

Skill      XL: |  1  2  3  4  5  6  7  8 |
---------------+-------------------------+-----
Fighting       | 2 3 4 6 8 |  8.2
Unarmed Combat | 4 5 6 |  6.0
Throwing       | 3 5 |  5.0
Dodging        | |  2.4

Action                     |  1- 3 |  4- 6 |  7- 9 || total
---------------------------+-------+-------+-------++-------
  Melee: Unarmed           |    79 |    99 |   184 ||   362
         Punch             |     1 |     2 |     4 ||     7
    Use: Scroll            |       |     6 |     2 ||     8
         Potion            |       |       |     1 ||     1
   Stab: Sleeping          |     2 |     1 |       ||     3
 Armour: Robe              |    38 |    56 |   164 ||   258
  Dodge: Dodged            |    49 |    30 |   112 ||   191

Levels and vault maps discovered:
D:1:      lightli_arrival_statue_moat, layout_loops_corners
D:2:      layout_basic, kennysheep_generic_room_2, uniq_terence
D:3:      layout_basic, serial_shops, shop, shop, uniq_robin, uniq_natasha
D:4:      layout_basic, mainiacjoe_overflow_surrounded_room,
          serial_park_tiny_pond, minmay_crystal_room, uniq_grinder
D:5:      cheibrodos_fzero, layout_rooms, mainiacjoe_overflow_tiny_flanked,
          kennysheep_generic_room_14, uniq_crazy_yiuf_cottage
D:6:      layout_basic, xom_teletrap_fun, mainiacjoe_overflow_catwalk_spiral,
          temple_green, uniq_eustachio

Notes
Turn   | Place    | Note
-------+----------+-------------------------------------------
     0 | D:1      | Oriqin the Troll Gladiator began the quest for the Orb.
     0 | D:1      | Reached XP level 1. HP: 19/19 MP: 0/0
   226 | D:1      | Reached skill level 2 in Fighting
   372 | D:1      | Reached XP level 2. HP: 23/28 MP: 1/1
  1086 | D:2      | Noticed Terence
  1093 | D:2      | Killed Terence
  1094 | D:2      | Reached skill level 3 in Fighting
  1094 | D:2      | Reached XP level 3. HP: 29/37 MP: 2/2
  1833 | D:3      | Found Nuhoufre's Antique Weapon Shoppe.
  1897 | D:3      | Noticed Robin
  1915 | D:3      | Noticed Natasha
  1919 | D:3      | Killed Natasha
  1920 | D:3      | Reached skill level 4 in Unarmed Combat
  1920 | D:3      | Reached XP level 4. HP: 36/45 MP: 3/3
  1933 | D:3      | Killed Robin
  1968 | D:3      | Noticed Natasha
  1977 | D:3      | Killed Natasha
  1978 | D:3      | Reached XP level 5. HP: 27/54 MP: 4/4
  2063 | D:3      | Noticed Natasha
  2069 | D:3      | Killed Natasha
  2070 | D:3      | Reached skill level 4 in Fighting
  2070 | D:3      | Reached skill level 2 in Throwing
  2337 | D:3      | Found Varph's General Store.
  2345 | D:3      | Bought a scroll of identify for 24 gold pieces
  2345 | D:3      | Bought a scroll of blinking for 90 gold pieces
  2646 | D:4      | Reached skill level 3 in Throwing
  2649 | D:4      | Reached XP level 6. HP: 29/62 MP: 5/5
  2780 | D:4      | Found a broken altar of Ashenzari.
  2921 | D:4      | Noticed Grinder
  2932 | D:4      | Killed Grinder
  2933 | D:4      | Reached skill level 5 in Unarmed Combat
  3218 | D:4      | Reached XP level 7. HP: 63/71 MP: 6/6
  3410 | D:5      | Entered Level 5 of the Dungeon
  3450 | D:5      | Found an opulent altar of Gozag.
  3456 | D:4      | Reached skill level 5 in Fighting
  4020 | D:5      | Reached skill level 6 in Fighting
  4312 | D:5      | Reached XP level 8. HP: 84/84 MP: 7/7
  4340 | D:5      | Reached skill level 7 in Fighting
  4367 | D:5      | Reached skill level 6 in Unarmed Combat
  4468 | D:5      | Reached skill level 4 in Throwing
  4722 | D:5      | Found a runed translucent door.
  4723 | D:5      | Noticed Crazy Yiuf
  4909 | D:6      | Found an ornate altar of the Wu Jian Council.
  4914 | D:6      | Found a stormy altar of Qazlal.
  5141 | D:6      | Reached skill level 5 in Throwing
  5166 | D:6      | Found a shimmering altar of Xom.
  5171 | D:6      | Noticed Eustachio
  5210 | D:6      | Reached skill level 8 in Fighting
  5210 | D:6      | Reached XP level 9. HP: 19/96 MP: 8/8
  5218 | D:6      | HP: 5/96 [yak (12)]
  5219 | D:6      | Mangled by a yak

Vanquished Creatures
  Grinder (D:4)
  3 yaks (D:6)
  A steam dragon (D:5)
  A water moccasin (D:6)
  2 ice beasts
  A phantom (D:5)
  4 scorpions
  A howler monkey (D:4)
  5 hounds
  A jelly (D:5)
  3 orc priests
  A gnoll bouda (D:4)
  Natasha (thrice) (D:3)
  2 iguanas (D:4)
  6 orc wizards
  Terence (D:2)
  Robin (D:3)
  4 gnolls
  2 adders
  A shadow imp (D:4)
  A ribbon worm (D:3)
  3 dart slugs
  20 orcs
  3 bats
  5 endoplasms
  2 giant cockroaches (D:2)
  12 goblins
  9 hobgoblins
  A kobold (D:1)
  4 quokkas
  8 ball pythons
  6 frilled lizards
  9 rats
127 creatures vanquished.

Table legend: (Time is in decaauts)
 A = Elapsed time spent in this place.
 B = Non-inter-level travel time spent in this place.
 C = Inter-level travel time spent in this place.
 D = Time resting spent in this place.
 E = Time spent auto-exploring this place.
 F = Levels seen in this place.
 G = Mean time per level.
                   A        B        C        D        E       F      G
               +--------+--------+--------+--------+--------+-----+--------+
         Total |   5201 |   4951 |    250 |    727 |   3413 |   6 |  866.8 |
       Dungeon |   5201 |   4951 |    250 |    727 |   3413 |   6 |  866.8 |
               +--------+--------+--------+--------+--------+-----+--------+

Top non-repeatable levels by time:
     D:4: 1718 daAuts
     D:2: 973 daAuts
     D:1: 843 daAuts
     D:3: 727 daAuts
     D:5: 552 daAuts
     D:6: 386 daAuts

Table legend:
 A = Non-vault XP
 B = Vault XP
 C = Vault XP percentage of total XP
 D = Non-vault monster count
 E = Vault monster count
 F = Vault count percentage of total count
                 A         B        C        D         E       F
            +---------+---------+-------+---------+---------+-------
      Total |    1801 |    1312 |  42.1 |      95 |      32 |  25.2
            +---------+---------+-------+---------+---------+-------
        D:1 |      29 |       0 |   0.0 |      19 |       0 |   0.0
        D:2 |      24 |      36 |  60.0 |      16 |       3 |  15.8
        D:3 |     109 |      69 |  38.8 |      15 |      12 |  44.4
        D:4 |     467 |     587 |  55.7 |      23 |       8 |  25.8
        D:5 |     192 |     620 |  76.4 |      11 |       9 |  45.0
        D:6 |     980 |       0 |   0.0 |      11 |       0 |   0.0
            +---------+---------+-------+---------+---------+-------
